 Dungeon Crawl Stone Soup version 0.27.1-2-g3b301248ec (webtiles) character file.

Game seed: 16927208039966630931

37383 Borgoz the Fighter (level 13, -7/87 HPs)
             Began as a Gargoyle Gladiator on Sept 28, 2021.
             Was the Champion of Okawaru.
             Mangled by a red devil (12 damage)
             ... in a volcano.
             The game lasted 00:24:48 (18185 turns).

Borgoz the Fighter (Gargoyle Gladiator)            Turns: 18185, Time: 00:24:48

Health: -7/87      AC: 26    Str: 20    XL:     13   Next: 96%
Magic:  18/18      EV: 15    Int: 10    God:    Okawaru [******]
Gold:   1213       SH:  0    Dex: 13    Spells: 12/12 levels left

rFire    . . .     SeeInvis .   b - +7 lajatang of Order {silver, rMut}
rCold    . . .     Faith    +   (shield currently unavailable)
rNeg     + . .     Spirit   .   w - +0 acid dragon scales
rPois    ∞         Reflect  .   (helmet restricted)
rElec    +         Harm     +   I - scarf {harm}
rCorr    +         Rampage  .   o - +0 pair of gloves
rMut     +                      i - +0 pair of boots
Will     .....                  M - amulet of faith
Stlth    +.........             z - +4 ring of protection
HPRegen  0.24/turn              h - +4 ring of slaying
MPRegen  0.16/turn

@: mighty
A: sickness immunity, AC +9, negative energy resistance 1, electricity
resistance, torment resistance 1, petrification resistance, horns 1, noise
suppression
a: Renounce Religion, Heroism, Finesse


You were in a volcano.
You worshipped Okawaru.
Okawaru was exalted by your worship.
You visited 3 branches of the dungeon, and saw 17 of its levels.
You also visited: Sewer and Volcano.

You collected 1213 gold pieces.

Inventory:

Hand Weapons
 a - a +2 great mace of holy wrath
 b - the +7 lajatang of Order (weapon) {silver, rMut}
   (You found it on level 9 of the Dungeon)

   It inflicts extra damage upon those it strikes, and deals substantially
   increased damage to chaotic, mutated and magically transformed beings.
   rMut:      It protects you from mutation.
 N - the +6 quarterstaff "Deag" {holy, rPois rF- rC++ Str+8 Int-3}
   (Okawaru gifted it to you on level 3 of the Lair of Beasts)

   It has been blessed by the Shining One to cause great damage to the undead
   and demons.
   Str:       It affects your strength (+8).
   Int:       It affects your intelligence (-3).
   rF:        It makes you vulnerable to fire.
   rC:        It greatly protects you from cold.
   rPois:     It protects you from poison.
Missiles
 m - a throwing net (quivered)
Armour
 i - a +0 pair of boots (worn)
 o - a +0 pair of gloves (worn)
 w - +0 acid dragon scales (worn)
 y - the +1 ring mail of the Harvest {SInv Stlth+}
   (You found it on level 2 of the Lair of Beasts)

   SInv:      It lets you see invisible.
   Stlth:     It makes you more stealthy.
 I - a scarf of harm (worn)
 L - a +0 troll leather armour
Jewellery
 d - a +6 ring of dexterity
 h - a +4 ring of slaying (right hand)
 j - an amulet of the acrobat
 k - a +4 ring of evasion
 p - a +6 ring of dexterity
 z - a +4 ring of protection (left hand)
 C - a +6 ring of intelligence
 D - a ring of positive energy
 H - an amulet of reflection
 M - an amulet of faith (around neck)
Wands
 e - a wand of paralysis (3)
 n - a wand of flame (84)
 E - a wand of digging (9)
 J - a wand of iceblast (5)
Scrolls
 c - a scroll of holy word
 f - 10 scrolls of teleportation
 l - a scroll of identify
 q - a scroll of fog
 r - 2 scrolls of brand weapon
 s - 2 scrolls of fear
 t - 3 scrolls of blinking
 v - 5 scrolls of enchant weapon
 P - 2 scrolls of enchant armour
 Q - 2 scrolls of magic mapping
 R - a scroll of summoning
Potions
 g - a potion of cancellation
 A - 4 potions of brilliance
 F - 3 potions of curing
 G - 5 potions of flight
 O - 2 potions of attraction


   Skills:
 * Level 12.8 Fighting
 * Level 11.8(11.9) Maces & Flails
 - Level 2.9(8.2) Staves
 - Level 1.7 Throwing
 * Level 12.7 Armour
 + Level 8.5 Dodging
 + Level 7.4 Invocations
 + Level 1.7 Evocations


You had 12 spell levels left.
You didn't know any spells.
Your spell library contained the following spells:

 Spells                   Type           Power      Damage    Failure   Level
 Animate Skeleton         Necr           0%         N/A       41%         1
 Magic Dart               Conj           0%         1d3       41%         1
 Pain                     Necr           0%         1d4       41%         1
 Searing Ray              Conj           0%         3d3       56%         2
 Static Discharge         Conj/Air       0%         N/A       56%         2
 Conjure Flame            Conj/Fire      0%         6-21      80%         3
 Gell's Gravitas          Tloc           0%         N/A       80%         3
 Ignite Poison            Fire/Tmut/Pois 0%         N/A       80%         3
 Lesser Beckoning         Tloc           0%         N/A       80%         3
 Teleport Other           Tloc           0%         N/A       80%         3
 Vampiric Draining        Necr           0%         2d6       80%         3
 Dispel Undead            Necr           0%         3d6       99%         4
 Fulminant Prism          Conj/Hex       0%         3d6       99%         4
 Petrify                  Tmut/Erth      0%         N/A       99%         4
 Sticky Flame             Conj/Fire      0%         2d3       99%         4
 Summon Ice Beast         Ice/Summ       0%         N/A       99%         4
 Agony                    Necr           0%         N/A       100%        5
 Excruciating Wounds      Necr           0%         N/A       100%        5
 Irradiate                Conj/Tmut      0%         3d13      100%        5
 Summon Mana Viper        Hex/Summ       0%         N/A       100%        5
 Monstrous Menagerie      Summ           0%         N/A       100%        7
 Sublimation of Blood     Necr           Unusable   N/A       N/A         2

Dungeon Overview and Level Annotations

Branches:
Dungeon (11/15)            Temple (1/1) D:5            Lair (5/6) D:11
 Shoals (0/4) Lair:2        Snake (0/4) Lair:3        Slime (0/5) Lair:5
    Orc (0/2) D:11          Sewer (visited)         Volcano (1/1)

Altars:
Ashenzari
Cheibriados
Dithmenos
Elyvilon
Fedhas
Gozag
Hepliaklqana
Kikubaaqudgha
Makhleb
Nemelex Xobeh
Okawaru
Qazlal
Ru
Sif Muna
Trog
Uskayaw
Vehumet
Wu Jian
Xom
Yredelemnul
Zin
The Shining One

Annotations:
Volcano exclusion: obsidian statue


Innate Abilities, Weirdness & Mutations

You are immune to sickness and miasma.
Your stone body is resilient. (AC +9)
You are immune to poison.
You resist negative energy. (rN+)
You are resistant to electric shocks. (rElec)
You are resistant to unholy torment.
You are immune to petrification.
You have a pair of small horns on your head.
You passively dampen the noise of your surroundings.


Message History

* * * LOW HITPOINT WARNING * * *
You are engulfed in blazing flames.
You are engulfed in blazing flames.
An obsidian statue and a red devil come into view.
The red devil is wielding a +2 trident of flaming.
The red devil moves out of view.
Marking area around an obsidian statue as unsafe for travelling.
Okay, then.
You feel much better.
The obsidian statue's eyes glow briefly.
The red devil hits you from afar with a +2 trident of flaming!
* * * LOW HITPOINT WARNING * * *
The red devil burns you.
* * * LOW HITPOINT WARNING * * *
You are confused.
You feel invigorated. The red devil misses you.
The obsidian statue's eyes glow briefly.
The ynoxinul hits you but does no damage.
You bump into the stone wall.
The red devil misses you. The ynoxinul closely misses you.
You bump into the stone wall.
The red devil hits you but does no damage.
The ynoxinul gestures at you. The iron shot hits you!!
* * * LOW HITPOINT WARNING * * *
You bump into the stone wall.
The red devil hits you from afar with a +2 trident of flaming!
* * * LOW HITPOINT WARNING * * *
The red devil burns you.
* * * LOW HITPOINT WARNING * * *
The ynoxinul hits you but does no damage.
Okay, then.
You bump into the stone wall.
You feel less invigorated.
You feel less confused. The red devil closely misses you.
The obsidian statue's eyes glow briefly.
The ynoxinul hits you but does no damage.
You feel very mighty all of a sudden.
The red devil hits you from afar with a +2 trident of flaming!
You die...

#8.8###.....###
##.## ##...##
#.# #..##
########'# ####
##........# ###
#..##########8.
#.##≈#☼#○#≈#54
#.##≈#☼#○#≈#3#
#..#≈#≈#≈#≈#@#
#8#..°°°.°°°##
###≈#°#°#°#°#
#≈#☼#○#≈#°#
#≈#☼#○#≈#°#
###########


You could see an obsidian statue, a ynoxinul (summoned), a red devil and an
ufetubus (summoned).

Vanquished Creatures
  Gastronok (Lair:3)
  6 hydras
  A boulder beetle (Lair:4)
  A centaur warrior (D:8)
  2 two-headed ogres
  A skeletal warrior (D:9)
  The ghost of Borgoz the Skirmisher, a novice GrBe of Trog (D:7)
  Pikel (D:7)
  An ugly thing (D:11)
  6 elephants (Lair:3)
  An oklob plant (D:11)
  Maurice (D:8)
  A torpor snail (Lair:2)
  Maggie (D:7)
  A gargoyle (D:8)
  5 black mambas
  Psyche (D:8)
  7 cane toads
  5 komodo dragons
  A kobold demonologist (D:10)
  A troll (D:11)
  A polar bear (Lair:3)
  A hornet (D:8)
  7 dream sheep (Lair:5)
  20 blink frogs
  The ghost of DiogoH the Cudgeller, an amateur GrFi of Makhleb (D:4)
  2 shadows
  20 yaks
  5 fire bats (Volcano)
  7 wraiths
  A wyvern (D:8)
  4 vampire mosquitoes
  3 nagas (Lair:3)
  2 acid dragons
  9 water moccasins
  An ice beast (D:8)
  5 black bears
  5 orc warriors
  2 sky beasts
  An ogre (D:5)
  5 wolves (Lair:1)
  5 centaurs
  A kobold brigand (D:6)
  7 bullfrogs
  A scorpion (D:6)
  A wyvern skeleton (D:7)
  A water moccasin skeleton (D:5)
  6 killer bees (D:9)
  9 wights
  A vampire bat (D:4)
  A howler monkey (D:5)
  An electric eel (Lair:4)
  6 lava snakes (Volcano)
  2 hounds (D:5)
  5 jellies
  3 centaur zombies
  12 orc priests
  3 centaur skeletons
  A gnoll shaman (D:8)
  2 bullfrog skeletons (D:6)
  3 iguanas
  12 orc wizards
  Robin (D:3)
  3 howler monkey zombies
  5 gnolls
  5 adders
  2 ufetubi
  2 adder skeletons
  7 worms
  52 orcs
  18 bats
  10 endoplasms
  6 giant cockroaches
  17 goblins
  5 hobgoblins
  4 jackals (Sewer)
  9 kobolds
  5 quokkas
  6 ball pythons
  2 frilled lizards
  9 rats
399 creatures vanquished.

Vanquished Creatures (others)
  A komodo dragon (Lair:5)
  6 fungi
  21 plants
28 creatures vanquished.

Grand Total: 427 creatures vanquished

Notes
Turn   | Place    | Note
-------+----------+-------------------------------------------
     0 | D:1      | Borgoz the Gargoyle Gladiator began the quest for the Orb.
     0 | D:1      | Reached XP level 1. HP: 12/12 MP: 1/1
   157 | D:1      | Found a faded altar of an unknown god.
   190 | D:1      | Reached XP level 2. HP: 4/18 MP: 2/2
   481 | D:1      | You fall into a shaft and drop 1 floor!
   497 | D:2      | Reached skill level 1 in Armour
   881 | D:1      | Reached XP level 3. HP: 22/22 MP: 3/3
  1757 | D:2      | Reached XP level 4. HP: 27/27 MP: 4/4
  2000 | D:3      | Gained mutation: You passively dampen the noise of your
                  | surroundings. [potion of mutation]
  2000 | D:3      | Gained mutation: You have a pair of small horns on your
                  | head. [potion of mutation]
  2010 | D:3      | Reached XP level 5. HP: 4/32 MP: 5/5
  3061 | D:3      | Noticed Robin
  3096 | D:3      | Killed Robin
  3557 | D:4      | Reached XP level 6. HP: 38/38 MP: 6/6
  3985 | D:4      | Found a runed translucent gate.
  3985 | D:4      | Found a runed translucent gate.
  3986 | D:4      | Found a runed translucent gate.
  3988 | D:4      | Noticed DiogoH's ghost (amateur GrFi)
  4002 | D:4      | Killed DiogoH's ghost
  4003 | D:4      | Reached XP level 7. HP: 17/44 MP: 7/7
  4381 | D:4      | Found a stormy altar of Qazlal.
  4556 | D:5      | Entered Level 5 of the Dungeon
  4862 | D:5      | Reached skill level 5 in Maces & Flails
  4879 | D:5      | Found a glowing drain.
  4883 | Sewer    | Entered a sewer
  5401 | D:5      | Reached skill level 5 in Fighting
  5440 | D:5      | Reached XP level 8. HP: 49/49 MP: 8/8
  5596 | D:5      | Reached skill level 5 in Armour
  5608 | D:5      | Found a bloodstained altar of Trog.
  5834 | D:5      | Found a staircase to the Ecumenical Temple.
  5991 | Temple   | Entered the Ecumenical Temple
  6051 | Temple   | Became a worshipper of Warmaster Okawaru
  6415 | D:6      | Found an ornate altar of the Wu Jian Council.
  6415 | D:6      | Found a hide-covered altar of Uskayaw.
  6423 | D:6      | Found a radiant altar of Vehumet.
  6425 | D:6      | Found a white marble altar of Elyvilon.
  6427 | D:6      | Found a shadowy altar of Dithmenos.
  6585 | D:6      | Reached skill level 5 in Dodging
  6618 | D:6      | Reached * piety under Okawaru
  6776 | D:7      | Reached XP level 9. HP: 56/56 MP: 9/9
  6908 | D:7      | Found a runed translucent door.
  6913 | D:7      | Noticed Borgoz's ghost (novice GrBe)
  6950 | D:7      | Noticed Pikel
  6969 | D:7      | Killed Pikel
  6969 | D:7      | Reached ** piety under Okawaru
  7315 | D:7      | Found a sparkling altar of Nemelex Xobeh.
  7383 | D:7      | Noticed Maggie
  7399 | D:7      | Killed Maggie
  7548 | D:7      | Killed Borgoz's ghost
  7548 | D:7      | Reached *** piety under Okawaru
  7764 | D:8      | Reached XP level 10. HP: 64/64 MP: 10/10
  7907 | D:8      | Noticed Maurice
  7914 | D:8      | Paralysed by something for 2 turns
  7930 | D:8      | Paralysed by something for 4 turns
  7987 | D:8      | Killed Maurice
  7988 | D:8      | Reached skill level 1 in Invocations
  8035 | D:8      | Noticed Psyche
  8047 | D:8      | Killed Psyche
  8220 | D:8      | Noticed a gargoyle
  8220 | D:8      | Noticed a centaur warrior
  8235 | D:8      | Killed a gargoyle
  8235 | D:8      | Reached **** piety under Okawaru
  8242 | D:8      | Killed a centaur warrior
  9050 | D:9      | Reached ***** piety under Okawaru
  9051 | D:9      | Reached XP level 11. HP: 60/71 MP: 13/13
  9272 | D:9      | Found an ancient bone altar of Kikubaaqudgha.
  9273 | D:9      | Found an opulent altar of Gozag.
  9509 | D:9      | Found a glowing silver altar of Zin.
  9543 | D:9      | Found a shimmering altar of Xom.
  9543 | D:9      | Found a hazy altar of Hepliaklqana.
  9569 | D:9      | Found the +7 lajatang of Order {silver, rMut}
  9835 | D:9      | Noticed a skeletal warrior
  9835 | D:9      | Found the +5 scythe "Finisher" {speed, eviscerate}
  9845 | D:9      | Killed a skeletal warrior
  9845 | D:9      | Received a gift from Okawaru
 10029 | D:10     | Entered Level 10 of the Dungeon
 10314 | D:10     | Noticed a two-headed ogre
 10319 | D:10     | Killed a two-headed ogre
 10320 | D:10     | Reached skill level 1 in Staves
 10821 | D:11     | Reached skill level 10 in Fighting
 10885 | D:11     | Noticed a purple ugly thing
 10895 | D:11     | Killed a purple ugly thing
 10906 | D:11     | Found a staircase to the Orcish Mines.
 10977 | D:11     | Found a staircase to the Lair.
 10983 | D:11     | Noticed an oklob plant
 11143 | D:11     | Reached skill level 10 in Armour
 11313 | D:11     | Noticed a two-headed ogre
 11322 | D:11     | Killed a two-headed ogre
 12002 | D:11     | Reached XP level 12. HP: 67/78 MP: 15/15
 12214 | D:11     | Reached skill level 5 in Invocations
 12246 | Lair:1   | Entered Level 1 of the Lair of Beasts
 12269 | Lair:1   | Reached ****** piety under Okawaru
 12438 | Lair:1   | Received a gift from Okawaru
 12704 | Lair:1   | Reached skill level 10 in Maces & Flails
 12793 | Lair:1   | Noticed an eight-headed hydra
 12804 | Lair:1   | Killed an 11-headed hydra
 13338 | Lair:1   | Noticed a five-headed hydra
 13348 | Lair:1   | Killed a five-headed hydra
 13730 | Lair:1   | Received a gift from Okawaru
 13936 | Lair:2   | Identified the +1 ring mail of the Harvest {SInv Stlth+}
 13965 | Lair:2   | Found a staircase to the Shoals.
 13966 | Lair:2   | Noticed a six-headed hydra
 13978 | Lair:2   | Killed an 11-headed hydra
 14833 | Lair:3   | Noticed Gastronok
 14845 | Lair:3   | Killed Gastronok
 14845 | Lair:3   | Identified the +6 quarterstaff "Deag" {holy, rPois rF- rC++
                  | Str+8 Int-3} (Okawaru gifted it to you on level 3 of the
                  | Lair of Beasts)
 14845 | Lair:3   | Received a gift from Okawaru
 14846 | Lair:3   | Reached XP level 13. HP: 45/85 MP: 17/17
 15657 | Lair:3   | Found a staircase to the Snake Pit.
 16368 | Lair:4   | Received a gift from Okawaru
 17472 | Lair:5   | Received a gift from Okawaru
 17660 | Lair:5   | Found a staircase to the Slime Pits.
 17688 | Lair:5   | Reached skill level 1 in Evocations
 17829 | Lair:5   | Found a dark tunnel.
 17838 | Volcano  | Entered a volcano
 18182 | Volcano  | HP: 4/87 [ynoxinul/iron shot[an obsidian statue] (25)]
 18183 | Volcano  | HP: 1/87 [red devil (1)]
 18185 | Volcano  | Mangled by a red devil

Illustrated notes

Levels and vault maps discovered:
D:1:      dpeg_arrival_boxes_within_box, layout_loops_ring,
          hellmonk_ecumenical_altar_blasted, serial_glass, glass_columns_a,
          glass_columns_b, minmay_liquid_box, serial_bayou_pond_d,
          minmay_pentomino_q4
D:2:      layout_rooms
D:3:      cheibrodos_helix_gallery, layout_basic, uniq_robin
D:4:      layout_loops_ring, lemuel_coloured_pillars_altar,
          ebering_ghost_rock_garden, dk_noncrumbling_2, roderic_batcave
D:5:      minmay_chambers_of_fours, layout_rooms,
          mainiacjoe_overflow_six_doors_small, minmay_temple_entry_fiery,
          gup_sewer_entry_bowl
D:6:      layout_basic, chequers_temple_overflow_minitemple
D:7:      layout_rooms, overflow_temple_1_default,
          ebering_ghost_reflecting_pool, nicolae_sextant, uniq_maggie,
          uniq_pikel
D:8:      layout_basic, minmay_chambers_of_fives, uniq_psyche, uniq_maurice
D:9:      layout_long_grid, grunt_temple_overflow_open, minmay_misc_feat_plants,
          minmay_guarded_unrand_finisher
D:10:     layout_cave_pools
D:11:     layout_basic, dpeg_oklobed_lair, hiddenorc1_lemuel
Temple:   jpeg_temple_island
Lair:1:   layout_gridlike
Lair:2:   layout_roguey, elwin_shoals_entry_rocks
Lair:3:   layout_regular_city, minmay_snake_entry_guardpost_small,
          chequers_serial_rivers_marsh, uniq_gastronok
Lair:4:   layout_hall_layers, grunt_forest_small_clearings,
          serial_bayou_shore_a, grunt_megastairs_2
Lair:5:   layout_gridlike, nicolae_slime_entry_slimehenge, enter_volcano_1,
          serial_bayou_pond_a, grunt_megastairs_4
Volcano:  volcano_grotto [vgs_trial_by_fire]

Skill      XL: |  1  2  3  4  5  6  7  8  9 10 11 12 13 |
---------------+----------------------------------------+-----
Armour         | 1 2 3 4 5 7 8 10 11 12 | 12.7
Fighting       | 3 4 5 6 7 9 10 11 12 | 12.8
Dodging        | 3 4 5 6 7 8 |  8.5
Maces & Flails | 4 5 6 7 8 9 10 11 | 11.8
Invocations    | 3 4 6 7 |  7.4
Staves         | 2 |  2.9
Evocations     | 1 |  1.7
Throwing       | |  1.7

Action                   |  1- 3 |  4- 6 |  7- 9 | 10-12 | 13-15 || total
-------------------------+-------+-------+-------+-------+-------++-------
Melee: Flail             |   132 |   178 |   278 |    76 |       ||   664
       Headbutt          |       |    26 |    50 |   118 |    45 ||   239
       Morningstar       |       |       |       |   138 |       ||   138
       Punch             |       |       |       |     1 |       ||     1
       Lajatang          |       |       |       |   306 |   214 ||   520
Throw: Throwing net      |       |       |     1 |     2 |     3 ||     6
Invok: Heroism           |       |       |     3 |     1 |     1 ||     5
Evoke: Wand              |       |       |       |    15 |     9 ||    24
  Use: Scroll            |     1 |     3 |     2 |     6 |     8 ||    20
       Potion            |       |     5 |     1 |     2 |     5 ||    13
 Stab: Held in net/web   |       |       |     1 |     1 |     2 ||     4
       Sleeping          |       |       |       |     1 |       ||     1
       Invisible         |       |       |       |       |     1 ||     1
Armor: Leather armour    |    51 |       |       |       |       ||    51
       Scale mail        |    11 |       |       |       |       ||    11
       Plate armour      |       |   157 |   197 |       |       ||   354
       Acid dragon scale |       |       |     7 |   379 |   172 ||   558
Dodge: Dodged            |   120 |   144 |   204 |   601 |   227 ||  1296
Block: Other             |       |       |       |    47 |       ||    47
       Reflection        |       |       |       |     7 |       ||     7
